Map: Romanticide LE

Players

ShoWTimE - Winner!

  • Race: Protoss Protoss
  • League: Grandmaster

milkicow

  • Race: Terran Terran
  • League: Grandmaster

Event: DreamHack SC2 Masters 2021 Summer

VOD

Have the link to the VOD?

Description

Time

  • Played on: May 19, 2021, 1:09 p.m.
  • Length: 21:30

All games in this series

Show
View Real Time Build Order
Export as new Build Order

ShoWTimE Protoss - Winner!

Build Orders: 1 Gate Expand, Double Forge, Blink Stalkers, Carriers 

Get SALT Encoding   

  12  0:00  Probe  
  13  0:12  Probe  
  14  0:17  Pylon  
  14  0:24  Probe  
  15  0:35  Gateway  
  15  0:37  Probe (Chrono Boost)  
  16  0:46  Probe (Chrono Boost), Assimilator  
  17  0:51  Probe (Chrono Boost)  
  18  1:03  Probe  
  19  1:15  Probe  
  20  1:25  Cybernetics Core  
  20  1:32  Nexus  
  20  1:35  Probe  
  21  1:42  Pylon  
  21  1:47  Probe  
  21  1:50  Assimilator  
  22  1:58  Adept (Chrono Boost)  
  22  1:59  Probe  
  23  2:03  Warp Gate  
  25  2:11  Probe  
  26  2:18  Shield Battery  
  26  2:19  Stalker (Chrono Boost)  
  28  2:24  Probe  
  29  2:37  Probe  
  30  2:43  Stalker  
  32  2:44  Probe  
  32  2:49  Probe  
  34  2:55  Twilight Council  
  34  2:56  Probe  
  35  3:03  Probe (Chrono Boost)  
  36  3:08  Probe (Chrono Boost)  
  37  3:17  Probe (Chrono Boost)  
  37  3:18  Probe (Chrono Boost)  
  41  3:22  Probe (Chrono Boost)  
  41  3:23  Blink (Chrono Boost)  
  41  3:25  Probe, Pylon  
  43  3:34  Probe  
  43  3:37  Probe  
  43  3:40  Gateway  
  43  3:42  Robotics Facility  
  43  3:47  Probe  
  44  3:49  Probe  
  44  3:51  Sentry  
  47  3:59  Probe  
  47  4:01  Probe, Pylon  
  49  4:04  Phoenix  
  49  4:11  Probe, Nexus  
  49  4:14  Probe  
  49  4:16  Stalker  
  52  4:23  Probe  
  53  4:26  Probe  
  53  4:27  Shield Battery  
  53  4:29  Observer  
  55  4:35  Probe, Pylon, Stalker  
  55  4:38  Probe  
  59  4:39  Stalker  
  59  4:43  Assimilator  
  61  4:47  Probe  
  61  4:52  Forge  
  62  4:53  Forge  
  62  4:55  Observer, Probe (Chrono Boost)  
  62  4:59  Probe (Chrono Boost), Assimilator  
  65  5:03  Charge  
  66  5:07  Pylon  
  66  5:09  Probe x2 (Chrono Boost)  
  66  5:14  Probe (Chrono Boost)  
  67  5:15  Gateway  
  67  5:17  Gateway  
  67  5:18  Probe (Chrono Boost)  
  67  5:19  Observer  
  70  5:23  Probe (Chrono Boost)  
  72  5:31  Probe (Chrono Boost)  
  72  5:32  Protoss Ground Armor Level 1 (Chrono Boost)  
  72  5:33  Assimilator  
  72  5:34  Probe x2 (Chrono Boost)  
  74  5:39  Probe x2 (Chrono Boost), Protoss Ground Weapons Level 1 (Chrono Boost)  
  74  5:41  Probe  
  77  5:44  Assimilator  
  77  5:50  Probe x2 (Chrono Boost)  
  77  5:52  Robotics Bay  
  77  5:56  Probe (Chrono Boost)  
  80  5:57  Gateway, Warp Prism  
  80  6:01  Gateway  
  80  6:02  Probe (Chrono Boost), Sentry  
  86  6:07  Pylon  
  86  6:08  Probe (Chrono Boost)  
  86  6:10  Probe x2 (Chrono Boost)  
  88  6:14  Probe (Chrono Boost)  
  88  6:15  Gateway  
  88  6:17  Probe  
  88  6:18  Gateway  
  90  6:21  Sentry  
  90  6:24  Pylon  
  92  6:28  Zealot x3  
  98  6:32  Pylon  
  98  6:33  Dark Shrine  
  98  6:39  Colossus (Chrono Boost)  
  98  6:43  Extended Thermal Lance  
  104  6:48  Pylon x2  
  104  6:56  Nexus  
  104  7:03  Zealot x3  
  110  7:08  Pylon  
  110  7:13  Gateway  
  110  7:15  Gateway  
  110  7:24  Protoss Ground Armor Level 2 (Chrono Boost)  
  110  7:25  Colossus (Chrono Boost)  
  110  7:28  Zealot x5  
  126  7:36  Observer, Protoss Ground Weapons Level 2 (Chrono Boost)  
  126  7:38  Pylon  
  126  7:43  Zealot x3  
  132  7:46  Shadow Stride  
  132  7:47  Probe x3  
  135  7:56  Pylon  
  135  7:57  Pylon  
  135  8:04  Dark Templar  
  137  8:05  Dark Templar  
  137  8:10  Archon  
  137  8:12  Colossus (Chrono Boost)  
  137  8:18  Robotics Facility  
  143  8:21  Dark Templar  
  143  8:24  Zealot x5  
  143  8:25  Probe  
  143  8:26  Probe x2  
  158  8:31  Probe  
  159  8:35  Photon Cannon, Shield Battery  
  159  8:37  Shield Battery  
  159  8:38  Probe  
  159  8:39  Gravitic Drive (Chrono Boost)  
  160  8:44  Probe x2  
  160  8:45  Probe, Assimilator  
  163  8:49  Assimilator  
  163  8:56  Disruptor  
  163  9:01  Stalker x3  
  163  9:02  Zealot  
  174  9:07  Pylon  
  174  9:09  Pylon  
  174  9:10  Photon Cannon  
  174  9:11  Photon Cannon  
  174  9:13  Shield Battery  
  174  9:14  Stalker  
  174  9:15  Pylon, Stalker x2  
  180  9:17  Pylon  
  178  9:27  Pylon  
  178  9:31  Gateway, Nexus  
  178  9:32  Observer, Gateway  
  178  9:33  Immortal (Chrono Boost)  
  182  9:41  Protoss Ground Armor Level 3 (Chrono Boost)  
  182  9:42  Immortal (Chrono Boost)  
  186  9:56  Protoss Ground Weapons Level 3 (Chrono Boost)  
  184  10:08  Zealot, Dark Templar x3  
  184  10:12  Zealot x4  
  185  10:16  Stalker x5  
  191  10:22  Zealot  
  191  10:23  Disruptor  
  188  10:32  Photon Cannon  
  188  10:34  Disruptor  
  189  10:41  Templar Archives, Nexus  
  189  10:42  Dark Templar x3  
  195  10:43  Pylon  
  195  10:45  Pylon  
  195  10:52  Pylon  
  195  10:54  Photon Cannon  
  195  10:56  Pylon  
  195  11:01  Disruptor  
  190  11:15  Dark Templar x6  
  200  11:33  Gateway  
  200  11:34  Gateway  
  200  11:36  Gateway  
  200  11:41  Gateway  
  200  11:44  Pylon  
  200  11:48  Stargate  
  200  11:54  Protoss Air Weapons Level 1 (Chrono Boost)  
  200  11:57  Disruptor (Chrono Boost)  
  197  12:05  High Templar  
  197  12:06  Photon Cannon  
  199  12:09  Photon Cannon  
  199  12:10  Protoss Shields Level 1 (Chrono Boost), Photon Cannon  
  199  12:21  Psionic Storm  
  199  12:22  Warp Prism (Chrono Boost)  
  187  12:34  High Templar, Cybernetics Core  
  189  12:49  Dark Templar x2  
  193  12:52  High Templar  
  193  12:55  Photon Cannon  
  195  13:03  Photon Cannon  
  195  13:05  Photon Cannon  
  195  13:07  Photon Cannon, Nexus  
  195  13:08  Pylon, Fleet Beacon  
  195  13:09  Photon Cannon  
  195  13:10  Stargate  
  195  13:12  Stargate, Shield Battery  
  195  13:14  Pylon  
  195  13:16  Stargate  
  195  13:19  Protoss Air Armor Level 1 (Chrono Boost)  
  193  13:32  Zealot x4  
  199  13:37  Photon Cannon  
  199  13:38  Photon Cannon  
  199  13:40  Photon Cannon  
  199  13:42  Shield Battery  
  199  13:45  Pylon  
  192  13:59  Zealot x4  
  194  14:11  Protoss Shields Level 2 (Chrono Boost)  
  194  14:13  Archon x4  
  194  14:20  Protoss Air Weapons Level 2 (Chrono Boost)  
  194  14:27  Dark Templar x3  
  194  14:32  Zealot x3  
  194  14:37  Disruptor  
  181  14:44  Zealot x7  
  189  14:49  Stalker x6  
  195  15:13  Protoss Air Armor Level 2 (Chrono Boost)  
  187  15:18  Disruptor x2  
  169  15:27  Probe  
  162  15:30  Dark Templar x7  
  162  15:31  Dark Templar x2  
  162  15:33  Stalker x7  
  176  15:52  Probe x4, Assimilator  
  176  15:53  Probe  
  181  15:57  Gateway, Assimilator  
  181  15:58  High Templar  
  181  15:59  Gateway  
  181  16:02  Gateway  
  181  16:04  Zealot x8  
  193  16:18  Carrier x2  
  193  16:25  Observer  
  197  16:31  Assimilator  
  197  16:33  Assimilator  
  197  16:45  Nexus  
  197  16:46  Pylon  
  195  16:51  Observer x2, Gravitic Boosters (Chrono Boost)  
  182  17:22  Observer  
  182  17:24  Carrier (Chrono Boost)  
  182  17:25  Carrier x2 (Chrono Boost)  
  198  17:31  Stalker  
  172  17:47  Probe x2  
  172  17:48  Colossus  
  172  17:50  Zealot x6  
  172  17:51  Protoss Air Weapons Level 3 (Chrono Boost), Zealot x9  
  177  18:06  Probe x2  
  177  18:10  Observer  
  177  18:12  Stalker x3  
  179  18:13  Zealot x3  
  179  18:16  Probe x4  
  197  18:31  Pylon  
  197  18:32  Assimilator  
  197  18:34  Carrier (Chrono Boost)  
  197  18:35  Protoss Shields Level 3 (Chrono Boost)  
  197  18:42  High Templar  
  199  18:52  Photon Cannon  
  199  18:53  Photon Cannon  
  199  18:54  Shield Battery  
  199  18:57  Pylon  
  199  19:00  Assimilator  
  199  19:02  Assimilator  
  199  19:04  High Templar x2  
  196  19:13  Disruptor (Chrono Boost)  
  197  19:23  Disruptor (Chrono Boost), High Templar  
  195  19:24  High Templar  
  195  19:27  High Templar x2  
  193  19:39  Probe  
  193  19:40  Probe  
  195  19:47  Probe x2  
  195  19:49  Stalker x3  
  195  19:52  Disruptor  
  199  19:54  Phoenix (Chrono Boost)  
  188  20:09  Zealot x5  
  188  20:10  Zealot  
  191  20:44  Probe x4  
  187  21:08  Zealot x6  
Show
View Real Time Build Order
Export as new Build Order

milkicow Terran 

Build Orders:  

Get SALT Encoding   

  12  0:00  SCV  
  13  0:12  SCV  
  14  0:16  Supply Depot  
  14  0:24  SCV  
  15  0:38  SCV  
  15  0:39  Barracks  
  16  0:44  Refinery  
  16  0:50  SCV  
  17  1:01  Barracks  
  17  1:06  SCV  
  18  1:18  SCV  
  19  1:28  Marine, Supply Depot  
  20  1:35  Orbital Command  
  20  1:48  Barracks Reactor  
  20  1:49  Barracks Tech Lab  
  20  2:02  SCV  
  20  2:07  Concussive Shells  
  20  2:08  Marauder  
  23  2:14  SCV  
  24  2:24  Marine  
  24  2:25  Marine  
  24  2:29  Marauder  
  28  2:35  Command Center  
  28  2:37  SCV  
  31  2:49  Supply Depot  
  29  2:52  SCV  
  30  3:00  Bunker  
  30  3:03  Marine  
  31  3:10  Marine  
  32  3:13  SCV  
  33  3:20  Command Center  
  33  3:26  SCV  
  34  3:31  Factory  
  34  3:36  Refinery  
  34  3:38  Marine  
  34  3:39  SCV  
  36  3:47  Orbital Command  
  36  3:51  SCV  
  37  3:55  Marine  
  38  4:03  SCV  
  39  4:13  SCV, Marine  
  39  4:15  SCV  
  39  4:16  Factory Tech Lab  
  42  4:25  SCV  
  42  4:26  Marine  
  42  4:27  SCV  
  45  4:32  Orbital Command  
  45  4:35  Siege Tank  
  45  4:36  Marine  
  45  4:37  SCV  
  50  4:39  SCV  
  50  4:45  Marine  
  52  4:46  Barracks  
  52  4:47  Barracks  
  52  4:49  SCV  
  52  4:51  SCV  
  54  4:54  Marine  
  54  4:55  Engineering Bay  
  55  5:00  SCV  
  55  5:01  SCV  
  55  5:03  SCV  
  55  5:05  Supply Depot  
  58  5:07  Marine  
  58  5:08  Engineering Bay  
  58  5:09  Siege Tank  
  58  5:12  SCV  
  63  5:15  SCV  
  63  5:17  SCV  
  63  5:18  Refinery  
  65  5:21  Marine, Terran Infantry Weapons Level 1  
  65  5:25  SCV  
  65  5:27  Supply Depot  
  67  5:29  Refinery, SCV  
  67  5:30  SCV  
  67  5:35  Terran Infantry Armor Level 1  
  69  5:36  Marine  
  69  5:37  Barracks Tech Lab, SCV  
  69  5:38  Barracks Tech Lab  
  69  5:42  SCV  
  72  5:44  Siege Tank  
  72  5:45  SCV, Orbital Command  
  77  5:52  Marine  
  77  5:54  SCV  
  77  5:56  Stimpack, Marine x2, Combat Shield  
  77  5:57  Marine  
  80  5:58  SCV  
  80  6:00  Supply Depot  
  82  6:06  SCV  
  82  6:09  Starport  
  82  6:10  Supply Depot  
  82  6:15  Marauder  
  82  6:16  SCV  
  85  6:21  SCV x2, Supply Depot  
  85  6:23  Siege Tank  
  85  6:24  Marine, Supply Depot  
  91  6:25  Marine  
  91  6:28  SCV  
  91  6:32  Supply Depot  
  93  6:34  Marauder  
  93  6:36  SCV x2, Marine  
  98  6:41  SCV  
  98  6:45  Supply Depot  
  99  6:47  Marine  
  99  6:48  SCV, Starport Reactor  
  99  6:50  Armory  
  99  6:51  SCV  
  99  6:53  Marine  
  104  6:54  SCV, Marauder  
  104  6:55  Siege Tank  
  104  6:58  Marauder  
  104  7:00  SCV  
  104  7:01  Supply Depot  
  111  7:03  SCV  
  111  7:05  Bunker  
  111  7:07  Missile Turret, Supply Depot  
  111  7:08  Marine  
  113  7:09  SCV  
  113  7:13  SCV  
  117  7:15  Marauder  
  117  7:16  SCV  
  117  7:17  Missile Turret  
  117  7:22  SCV  
  118  7:24  Marine  
  118  7:25  Marauder  
  118  7:27  Medivac  
  118  7:29  SCV x2  
  124  7:35  SCV  
  125  7:38  Terran Infantry Weapons Level 2, Missile Turret  
  125  7:39  Supply Depot  
  125  7:41  SCV  
  125  7:42  Marine  
  125  7:43  Refinery x2  
  127  7:46  Barracks  
  127  7:47  Barracks  
  127  7:50  Terran Infantry Armor Level 2, Marine x2  
  129  7:51  SCV x2  
  129  7:56  Marine  
  129  7:57  Supply Depot  
  129  7:58  Medivac  
  134  8:00  Marine  
  134  8:01  Supply Depot  
  135  8:05  Missile Turret, Medivac  
  135  8:08  Marine  
  135  8:10  Missile Turret  
  138  8:13  Marauder  
  138  8:15  Marauder  
  138  8:16  SCV  
  138  8:18  Marine  
  144  8:22  Supply Depot  
  144  8:23  Siege Tank  
  144  8:26  Marine  
  148  8:30  Supply Depot  
  148  8:35  Barracks Tech Lab, Marauder  
  148  8:36  Barracks Reactor, Marauder  
  148  8:37  Marine  
  148  8:38  Command Center, Medivac  
  157  8:46  Ghost Academy  
  157  8:47  Viking  
  157  8:48  Marine  
  157  8:54  SCV, Marine  
  159  8:56  Marauder  
  159  8:57  SCV, Marauder  
  159  9:00  Supply Depot  
  164  9:03  Barracks x2  
  164  9:06  Marine  
  164  9:08  Viking  
  167  9:10  Terran Ship Weapons Level 1  
  167  9:17  Enhanced Shockwaves  
  167  9:18  Ghost, Command Center  
  167  9:19  Ghost  
  170  9:26  Ghost  
  170  9:30  Marine x3  
  174  9:33  SCV, Viking  
  177  9:44  Sensor Tower, Viking  
  179  9:46  Missile Turret  
  179  10:03  Viking  
  179  10:05  Ghost  
  179  10:07  SCV, Marauder, Marine  
  183  10:08  Marauder, Marine x2  
  183  10:09  Marine  
  186  10:14  Marine  
  181  10:25  Planetary Fortress  
  181  10:27  SCV, Marine  
  163  10:29  Marauder  
  163  10:30  Marauder  
  163  10:32  Orbital Command  
  163  10:33  Barracks Tech Lab x2, Ghost  
  163  10:34  Marine  
  168  10:37  SCV x2  
  168  10:39  SCV  
  168  10:40  Refinery  
  171  10:44  Refinery, Viking x2  
  171  10:49  SCV  
  176  10:50  SCV, Marauder  
  176  10:51  Marauder  
  176  10:53  Marauder x2  
  176  10:55  SCV  
  186  11:01  SCV, Missile Turret  
  187  11:10  Marine  
  188  11:11  Marine  
  188  11:12  SCV, Marauder  
  188  11:15  Marauder, Siege Tank  
  194  11:19  Terran Infantry Weapons Level 3  
  194  11:23  Command Center  
  194  11:27  Sensor Tower  
  194  11:33  Marauder  
  194  11:35  Bunker, Missile Turret  
  194  11:38  Terran Ship Weapons Level 2  
  195  11:50  Marauder, Marine  
  195  11:53  Command Center  
  198  11:59  Marauder  
  200  12:04  Missile Turret  
  200  12:05  Starport  
  200  12:08  Fusion Core  
  200  12:09  Starport  
  200  12:19  Marauder  
  200  12:21  SCV  
  200  12:22  Sensor Tower  
  198  12:23  Ghost  
  197  12:31  Liberator  
  197  12:32  Personal Cloaking  
  200  12:37  Marauder  
  200  12:39  Command Center  
  200  12:43  Command Center  
  195  12:52  Marauder, Marine  
  195  12:54  Starport Reactor  
  195  12:57  Advanced Ballistics  
  198  13:01  Starport Reactor  
  198  13:06  Sensor Tower  
  198  13:09  Orbital Command  
  198  13:13  Command Center  
  198  13:16  Planetary Fortress  
  198  13:18  Refinery  
  193  13:20  Marine  
  193  13:21  Marauder  
  194  13:28  Marauder, Marine  
  194  13:34  Missile Turret  
  197  13:36  SCV  
  197  13:37  SCV x2, Ghost Academy  
  197  13:38  Ghost Academy x2  
  197  13:39  Refinery  
  198  13:54  Ghost  
  198  13:55  Ghost x2  
  176  13:56  Liberator x5  
  176  14:02  Marauder, Marine  
  191  14:07  Liberator  
  180  14:10  Marauder  
  180  14:14  SCV x2  
  180  14:15  SCV x2  
  186  14:17  Missile Turret  
  186  14:18  Marine  
  186  14:23  Ghost  
  191  14:24  Marauder  
  191  14:29  Marine, Siege Tank  
  191  14:30  Marauder  
  194  14:38  Liberator, Ghost  
  173  14:39  Marauder  
  173  14:40  Liberator  
  173  14:42  SCV  
  173  14:43  Marine  
  173  14:45  SCV, Marauder, Marine  
  178  14:52  Liberator  
  182  14:57  Terran Ship Weapons Level 3  
  182  14:59  SCV  
  183  15:02  SCV x3  
  183  15:06  SCV  
  187  15:12  Orbital Command  
  160  15:15  Marauder, Marine  
  160  15:16  Marauder  
  160  15:17  Marauder, Marine  
  160  15:19  Marine  
  156  15:26  Marauder, Marine  
  150  15:30  SCV x2  
  150  15:32  SCV  
  149  15:35  SCV  
  149  15:42  SCV  
  150  15:45  SCV  
  150  15:47  SCV  
  150  15:49  SCV  
  154  15:52  Nuke  
  154  15:53  SCV  
  154  15:54  SCV  
  154  15:56  SCV  
  156  16:00  SCV x3  
  159  16:04  Sensor Tower  
  159  16:05  SCV x2  
  161  16:11  SCV  
  161  16:16  SCV x2  
  153  16:20  SCV  
  153  16:21  Planetary Fortress  
  153  16:23  Liberator x2  
  160  16:26  SCV  
  160  16:29  SCV  
  160  16:32  SCV  
  163  16:33  SCV x2  
  165  16:40  Nuke  
  165  16:41  Nuke x2  
  165  16:42  SCV  
  163  16:59  SCV x3  
  163  17:00  SCV  
  163  17:01  SCV  
  165  17:10  SCV  
  165  17:11  Liberator x2  
  166  17:22  Medivac x2  
  149  17:23  Marauder, Marine  
  149  17:26  Marine, Liberator x2, Missile Turret  
  149  17:27  SCV x2, Marauder, Orbital Command  
  163  17:30  Refinery  
  163  17:31  Nuke  
  152  17:47  Marauder x2, Marine x3  
  152  17:48  Marauder  
  152  17:51  Nuke  
  155  17:52  SCV x2  
  155  17:53  SCV  
  155  17:58  Marauder, Marine  
  161  18:02  Marauder  
  161  18:05  Marine  
  148  18:07  Marine  
  148  18:08  Liberator  
  148  18:09  SCV x2, Marauder, Marine  
  146  18:14  SCV  
  146  18:16  SCV  
  146  18:19  SCV, Marauder, Marine  
  152  18:23  Nuke  
  150  18:27  Refinery  
  150  18:30  Marauder, Marine  
  150  18:31  Orbital Command  
  153  18:37  SCV  
  153  18:38  SCV x2  
  156  18:44  SCV  
  157  18:50  Refinery, Liberator  
  157  18:51  Refinery  
  157  18:52  Missile Turret  
  160  18:58  Nuke  
  158  19:12  Liberator  
  158  19:13  SCV x2  
  158  19:16  SCV  
  158  19:17  SCV  
  162  19:18  Liberator, Missile Turret  
  162  19:19  SCV x2  
  162  19:21  SCV  
  162  19:23  SCV  
  165  19:29  SCV  
  165  19:32  SCV, Missile Turret  
  165  19:33  Liberator  
  165  19:36  Ghost  
  171  19:39  Marine x3  
  171  19:40  SCV  
  171  19:41  SCV x2  
  171  19:42  SCV x2  
  171  19:43  SCV  
  177  19:45  Command Center  
  177  19:50  Missile Turret  
  177  19:51  Missile Turret x2  
  177  19:53  Missile Turret x2  
  177  19:54  Missile Turret  
  176  20:03  Ghost x2  
  176  20:06  Ghost  
  170  20:09  Marauder, Marine  
  171  20:14  Ghost  
  171  20:16  Marine x3  
  171  20:20  SCV x2  
  178  20:26  Marine  
  178  20:30  Ghost  
  178  20:31  Marine  
  178  20:32  Marine  
  178  20:34  Marine  
  178  20:35  Marine, Ghost, Orbital Command  
  169  20:38  Liberator  
  169  20:41  Missile Turret  
  169  20:42  SCV x2, Missile Turret  
  168  20:43  Missile Turret x2  
  168  20:44  Marauder  
  168  20:49  Marine  
  169  20:51  Command Center  
  167  20:57  SCV x2  
  167  21:01  SCV  
  167  21:02  SCV  
  168  21:14  Missile Turret x2  
Tags
 
Add a new tag
Caveats
  • Supply blocks, unpowered buildings, or Contaminate may cause inaccurate times.
  • Supply counts are checked every 10 seconds.